 Dungeon Crawl Stone Soup version 0.22-a0-422-g9628fc8 (webtiles) character file.

119 DrEnzyme the Slasher (level 4, -4/33 HPs)
             Began as a Demonspawn Gladiator on May 18, 2018.
             Slain by an adder (5 damage)
             ... while paralysed by Grinder
             ... on level 3 of the Dungeon.
             The game lasted 00:09:16 (3606 turns).

DrEnzyme the Slasher (Demonspawn Gladiator)         Turns: 3606, Time: 00:09:17

Health: -4/33      AC:  3    Str: 15    XL:     4   Next: 73%
Magic:  4/4        EV:  2    Int:  9    God:
Gold:   94         SH:  0    Dex: 15    Spells: 3/3 levels left

rFire    + . .     SeeInvis .   a - +2 long sword
rCold    . . .     Gourm    .   (no shield)
rNeg     . . .     Faith    .   b - +0 leather armour
rPois    .         Spirit   .   (helmet restricted)
rElec    .         Reflect  .   (no cloak)
rCorr    .         Harm     .   (no gloves)
MR       .....                  (no boots)
Stlth    ++........             (no amulet)
HPRegen  0.11/turn              (no ring)
MPRegen  0.09/turn              (no ring)

@: paralysed, lethally poisoned (-4 -> -10)
A: antennae 1, fire resistance 1
a: no special abilities


You were on level 3 of the Dungeon.
You were hungry.

You visited 1 branch of the dungeon, and saw 4 of its levels.

You collected 94 gold pieces.

Inventory:

Hand Weapons
 a - a +2 long sword (weapon)
Missiles
 d - 3 throwing nets (quivered)
 q - 5 javelins
Armour
 b - a +0 leather armour (worn)
 c - a +0 helmet
 h - a +0 plate armour
Scrolls
 g - a scroll of magic mapping {unknown}
 i - 2 scrolls of fear
 n - a scroll of identify
Potions
 e - 5 potions of curing
 j - a potion of berserk rage {unknown}
 l - 2 potions of degeneration {unknown}
 m - a potion of lignification {unknown}
 o - a potion of cancellation {unknown}
 r - a potion of haste {unknown}
Comestibles
 f - 4 rations


   Skills:
 + Level 2.2 Fighting
 + Level 3.6 Long Blades
 + Level 1.8 Throwing
 + Level 1.3 Armour
 * Level 3.2 Dodging
 * Level 1.7 Stealth


You had 3 spell levels left.
You didn't know any spells.
Your spell library was empty.

Dungeon Overview and Level Annotations

Branches:
Dungeon (4/15)
 Temple: D:4-7

Altars:
Makhleb
Yredelemnul
Zin

Annotations:
D:1 exclusion: downstairs
D:2 exclusion: downstairs
D:3 Grinder


Innate Abilities, Weirdness & Mutations

You have a pair of small antennae on your head.
Your flesh is heat resistant. (rF+)


Message History

The adder is almost dead.
You feel sick. The adder barely misses you. Grinder hits you.
You barely miss the adder.
The adder is almost dead.
The adder misses you. Grinder gestures at you.
You suddenly lose the ability to move!
The adder barely misses you.
You feel sick. The adder bites you.
You are more poisoned.
The adder poisons you! Grinder gestures at you. Pain shoots through your body!
* * * LOW HITPOINT WARNING * * *
The adder bites you but does no damage. Grinder hits you.
* * * LOW HITPOINT WARNING * * *
You writhe in agony.
* * * LOW HITPOINT WARNING * * *
* * * LOW HITPOINT WARNING * * *
You feel sick. The adder bites you.
You die...

...r #h....# #..[..'.#
.... ##.#'##.# #.....#.#
..... #...##.#
#######.###
.....###†.##.#
#......†(.# #....÷>##.#
#.........# #....####.#
#.........# +.....# #.#
#.........#
#.....###.##########'###
#........5@....... #.#
#....####..S...... #.#
#....# #......... #.#
###### #......... .#
#......... #.........
.........# .........#


You could see Grinder and an adder.

Vanquished Creatures
  4 adders
  2 oozes
  3 worms (D:2)
  A dart slug (D:1)
  2 leopard geckos (D:1)
  An orc (D:3)
  3 giant cockroaches
  7 goblins
  2 hobgoblins
  9 jackals
  A quokka (D:2)
  7 bats
  4 frilled lizards
  7 kobolds
  7 rats
60 creatures vanquished.

Notes
Turn   | Place    | Note
-------+----------+-------------------------------------------
     0 | D:1      | DrEnzyme the Demonspawn Gladiator began the quest for the Orb.
     0 | D:1      | Reached XP level 1. HP: 16/16 MP: 1/1
   172 | D:1      | Gained mutation: You have a pair of small antennae on your head. [demonic ancestry]
   172 | D:1      | Reached XP level 2. HP: 10/22 MP: 2/2
   912 | D:1      | Reached XP level 3. HP: 23/27 MP: 3/3
  1294 | D:2      | Reached skill level 1 in Stealth
  1405 | D:2      | Reached skill level 1 in Armour
  1787 | D:2      | Gained mutation: Your flesh is heat resistant. (rF+) [demonic ancestry]
  1787 | D:2      | Reached XP level 4. HP: 17/33 MP: 4/4
  2200 | D:2      | Found a basalt altar of Yredelemnul.
  2506 | D:2      | Found a glowing silver altar of Zin.
  3116 | D:3      | Noticed Grinder
  3321 | D:3      | Found a burning altar of Makhleb.
  3333 | D:3      | Paralysed by Grinder for 7 turns
  3343 | D:3      | Paralysed by Grinder for 5 turns
  3603 | D:3      | Paralysed by Grinder for 5 turns
  3606 | D:3      | HP: 1/33 [poisoned by an adder]
  3606 | D:3      | Slain by an adder

Vault maps used:
D:1:      minmay_arrival_wavy_path, st_stairs_9, minmay_statues_item
D:2:      overflow_temple_1_default, marbit_many_paths
D:3:      old_standard_altar, first_ration, fedhas_altar_2, uniq_grinder,
          uniq_purgy
D:4:      uniq_natasha

Skill      XL: |  1  2  3 |
---------------+----------+-----
Long Blades    | 3 |  3.6
Dodging        | 3 |  3.2
Stealth        | 1 |  1.7
Armour         | 1 |  1.3
Fighting       | |  2.2
Throwing       | |  1.8

Action                   |  1- 3 |  4- 6 || total
-------------------------+-------+-------++-------
Melee: Long sword        |   110 |    76 ||   186
  Use: Scroll            |       |     4 ||     4
 Stab: Sleeping          |     1 |     3 ||     4
  Eat: Chunk             |     3 |     5 ||     8
Armor: Leather armour    |    27 |    12 ||    39
Dodge: Dodged            |    98 |    73 ||   171
       Rpst.: Long sword |    34 |    27 ||    61

Table legend:
 A = Spawn XP
 B = Non-spawn XP
 C = Spawn XP percentage of total XP
 D = Spawn monster count
 E = Non-spawn monster count
 F = Spawn count percentage of total count
 G = Total turns spent on level
                    A         B        C        D         E        F      G
               +---------+---------+-------+---------+---------+-------+---------
         Total |       0 |     170 |   0.0 |       0 |      60 |   0.0 |  3606
               +---------+---------+-------+---------+---------+-------+---------
           D:1 |       0 |      43 |   0.0 |       0 |      24 |   0.0 |  1295
           D:2 |       0 |      91 |   0.0 |       0 |      25 |   0.0 |  1783
           D:3 |       0 |      36 |   0.0 |       0 |      11 |   0.0 |   304
               +---------+---------+-------+---------+---------+-------+---------
